 Dungeon Crawl Stone Soup version 0.20.1-1-g8b1a95d (console) character file.

84 rafael the Ruffian (level 4, 0/35 HPs)
             Began as a Demonspawn Abyssal Knight on Aug 29, 2017.
             Was a Follower of Lugonu.
             Slain by an orc wizard
             ... wielding a +0 dagger
              (1 damage)
             ... on level 3 of the Dungeon.
             The game lasted 00:03:03 (1080 turns).

rafael the Ruffian (Demonspawn Abyssal Knight)      Turns: 1080, Time: 00:03:04

Health: 0/35       AC:  3    Str: 13    XL:     4   Next: 24%
Magic:  5/5        EV: 11    Int: 14    God:    Lugonu [*.....]
Gold:   116        SH:  0    Dex: 12    Spells: 3/3 levels left

rFire    + . .     SeeInvis .     - Unarmed
rCold    . . .     Gourm    .   (no shield)
rNeg     . . .     Faith    .   a - +0 leather armour
rPois    .         Spirit   .   (no helmet)
rElec    .         Reflect  +   (no cloak)
rCorr    .         Harm     .   (no gloves)
MR       .....                  (no boots)
Stlth    +.........             f - +5 amulet of reflection
Regen    0.2/turn               (no ring)
MPRegen  0.1/turn               (no ring)

@: confused
A: demonic guardian 1, fire resistance 1, sturdy frame 1
a: Depart the Abyss, Renounce Religion


You were on level 3 of the Dungeon.
You worshipped Lugonu.
Lugonu was aware of your devotion.
You were hungry.

You visited 1 branch of the dungeon, and saw 3 of its levels.
You visited the Abyss 1 time.

You collected 116 gold pieces.

Inventory:

Armour
 a - a +0 leather armour (worn)
Jewellery
 f - a +5 amulet of reflection (around neck)
 j - an uncursed amulet of the gourmand
Scrolls
 c - a scroll of teleportation {unknown}
 d - 2 scrolls of enchant weapon {unknown}
 g - a scroll of magic mapping {unknown}
 h - 3 scrolls of identify {unknown}
Comestibles
 b - a bread ration
 i - a royal jelly


   Skills:
 - Level 3.0 Fighting
 - Level 1.7 Armour
 - Level 0.8 Dodging
 + Level 4.1 Unarmed Combat
 - Level 2.4 Invocations


You had 3 spell levels left.
You didn't know any spells.

Dungeon Overview and Level Annotations

Branches:
Dungeon (3/15)

Altars:
Ashenzari


Innate Abilities, Weirdness & Mutations

A weak demonic guardian rushes to your aid.
Your flesh is heat resistant. (rF+)
Your movements are slightly less encumbered by armour. (ER -2)


Message History

Deactivating autopickup; reactivate with Ctrl-A.
Something closely misses your quasit. Something barely misses your quasit.
Something barely misses your quasit. Something misses your quasit.
Something hits your quasit. Something closely misses your quasit.
Something hits your quasit but does no damage.
Your quasit disappears in a puff of smoke!
You hear some strange, mumbled words.
You are confused.
The orc hits you but does no damage.
You bump into the rock wall.
The orc hits you with a flail!
* * * LOW HITPOINT WARNING * * *
Something hits you.
* * * LOW HITPOINT WARNING * * *
You bump into the rock wall.
The orc hits you with a flail.
* * * LOW HITPOINT WARNING * * *
Something hits you.
You die...

############.......####
#....# # ####
#.o...รท.# #....# ...#
#.......# #....# ...#
####)#### ###### ...#
#)# ...############(#
...'..........#o#
...##########.#o## ...#
#...@# #### #....#
#....# #....# #.)..#
#....# ## #.#+## .. ..#
.. ...#


You could see 2 orcs.

Vanquished Creatures
  An ooze (D:2)
  A dart slug (D:2)
  A leopard gecko (D:1)
  2 ball pythons (D:1)
  2 giant cockroaches
  4 goblins (D:1)
  2 hobgoblins
  A kobold (D:1)
  5 frilled lizards
  11 rats
30 creatures vanquished.

Vanquished Creatures (collateral kills)
  A big kobold (D:3)
  5 orcs (D:3)
  A frilled lizard (D:3)
  A kobold (D:3)
8 creatures vanquished.

Grand Total: 38 creatures vanquished

Notes
Turn   | Place    | Note
-------+----------+-------------------------------------------
     0 | Abyss:1  | rafael the Demonspawn Abyssal Knight began the quest for the Orb.
     0 | Abyss:1  | Reached XP level 1. HP: 18/18 MP: 2/2
    25 | Abyss:1  | Found a snail-covered altar of Cheibriados.
    65 | Abyss:1  | Noticed a demonic crawler
    66 | Abyss:1  | Noticed a small abomination
    66 | Abyss:1  | Noticed a fire bat
    66 | Abyss:1  | Noticed a neqoxec
    66 | Abyss:1  | Noticed a small abomination
    66 | Abyss:1  | Noticed a spatial vortex
   114 | Abyss:2  | Noticed a thrashing horror
   138 | Abyss:2  | Noticed a freezing wraith
   142 | Abyss:2  | Noticed a sun demon
   143 | D:1      | Escaped the Abyss
   184 | D:1      | Reached skill level 2 in Unarmed Combat
   309 | D:1      | Reached * piety under Lugonu
   309 | D:1      | Gained mutation: Your flesh is heat resistant. (rF+) [demonic ancestry]
   309 | D:1      | Reached XP level 2. HP: 13/24 MP: 3/3
   633 | D:2      | Reached skill level 3 in Unarmed Combat
   651 | D:2      | Gained mutation: A weak demonic guardian rushes to your aid. [demonic ancestry]
   651 | D:2      | Reached XP level 3. HP: 7/29 MP: 4/4
   768 | D:3      | Noticed a big kobold
   780 | D:3      | Killed a big kobold
   780 | D:3      | Reached skill level 4 in Unarmed Combat
   780 | D:3      | Gained mutation: Your movements are slightly less encumbered by armour. (ER -2) [demonic ancestry]
   780 | D:3      | Reached XP level 4. HP: 21/35 MP: 5/5
   866 | D:3      | Found a shattered altar of Ashenzari.
  1080 | D:3      | HP: 1/35 [orc/flail (3)]
  1080 | D:3      | Slain by an orc wizard

Skill      XL: |  1  2  3 |
---------------+----------+-----
Unarmed Combat | 2 3 4 |  4.1
Fighting       | |  3.0
Armour         | |  1.7
Dodging        | |  0.8
Invocations    | |  2.4

Action                   |  1- 3 |  4- 6 || total
-------------------------+-------+-------++-------
Melee: Unarmed           |    99 |    53 ||   152
       Punch             |     2 |     1 ||     3
Invok: Depart the Abyss  |     1 |       ||     1
  Use: Potion            |       |     1 ||     1
Armor: Leather armour    |    18 |    13 ||    31
Dodge: Dodged            |    46 |    21 ||    67
Block: Other             |    11 |    17 ||    28
       Reflection        |     1 |     1 ||     2
